 Dungeon Sprint DCSS version 0.21.1-1-g345015f (webtiles) character file.

1451 wilfster70 the Covert (level 8, -5/65 HPs)
             Began as a Gnoll Enchanter on June 17, 2018.
             Was a Follower of Wu Jian.
             Shot with an arrow by a centaur warrior (21 damage)
             ... in the Dungeon (Sprint I: "Red Sonja").
             The game lasted 00:03:44 (488 turns).

wilfster70 the Covert (Gnoll Enchanter)              Turns: 488, Time: 00:03:45

Health: -5/65      AC:  2    Str: 10    XL:     8   Next: 75%
Magic:  18/20      EV: 18    Int: 20    God:    Wu Jian [*.....]
Gold:   261        SH:  0    Dex: 16    Spells: 18/24 levels left

rFire    . . .     SeeInvis .   a - +7 dagger (venom)
rCold    . . .     Gourm    .   (no shield)
rNeg     . . .     Faith    .   b - +0 robe
rPois    .         Spirit   .   (no helmet)
rElec    .         Reflect  .   (no cloak)
rCorr    .         Harm     .   (no gloves)
MR       .....     NoTele   +   (no boots)
Stlth    ++........             (no amulet)
HPRegen  0.20/turn              (no ring)
MPRegen  0.17/turn              (no ring)

@: very slow
A: distributed training, fangs 1, strong nose
a: Renounce Religion


You were in the Dungeon.
You worshipped Wu Jian.
Wu Jian was aware of your devotion.
You were not hungry.

You visited 1 branch You collected 525 gold pieces.
You spent 264 gold pieces at shops.

Inventory:

Hand Weapons
 a - a +7 dagger of venom (weapon)
 n - the +0 battleaxe "Memicisyo" {chaos, MR- Int+4 SInv}
   (You bought it in a shop in the Dungeon)

   Each time it hits an enemy it has a different, random effect.
   It affects your intelligence (+4).
   It affects your resistance to hostile enchantments.
   It lets you see invisible.
Armour
 b - a +0 robe (worn)
 m - a +0 leather armour
Wands
 i - a wand of flame (29)
 l - a wand of random effects (13)
Scrolls
 j - a scroll of blinking
 o - a scroll of remove curse {unknown}
 p - a scroll of identify {unknown}
Potions
 e - a potion of curing
 f - a potion of heal wounds
 g - a potion of haste
 h - 2 potions of magic
Books
 c - a book of Maledictions

   Spells                             Type                      Level
   a - Corona                         Hexes                        1
   b - Ensorcelled Hibernation        Hexes/Ice                    2
   c - Confuse                        Hexes                        3
   d - Tukima's Dance                 Hexes                        3
   e - Dazzling Spray                 Conjuration/Hexes            3
Comestibles
 d - a ration
 k - 6 chunks of flesh


   Skills:
 + Level 6.7 Fighting
 + Level 7.2 Short Blades
 + Level 6.7 Long Blades
 + Level 6.7 Axes
 + Level 6.7 Maces & Flails
 + Level 6.7 Polearms
 + Level 6.7 Staves
 + Level 6.7 Slings
 + Level 6.7 Bows
 + Level 6.7 Crossbows
 + Level 6.7 Throwing
 + Level 6.7 Armour
 + Level 8.2 Dodging
 + Level 9.1 Stealth
 + Level 6.7 Shields
 + Level 6.7 Unarmed Combat
 + Level 8.5 Spellcasting
 + Level 5.5 Conjurations
 + Level 7.9 Hexes
 + Level 5.5 Charms
 + Level 5.5 Summonings
 + Level 5.5 Necromancy
 + Level 5.5 Translocations
 + Level 5.5 Transmutations
 + Level 5.5 Fire Magic
 + Level 5.5 Ice Magic
 + Level 5.5 Air Magic
 + Level 5.5 Earth Magic
 + Level 5.5 Poison Magic
 + Level 7.4 Invocations
 + Level 6.7 Evocations


You had 18 spell levels left.
You knew the following spells:

 Your Spells              Type           Power        Failure   Level  Hunger
a - Corona                Hex            #####..      1%          1    None
b - Ensorcelled Hibernat  Hex/Ice        #####.       1%          2    None
c - Confuse               Hex            #####...     1%          3    None


Dungeon Overview and Level Annotations

Branches:
Dungeon (1/1)

Altars:
Cheibriados
Dithmenos
Elyvilon
Fedhas
Gozag
Hepliaklqana
Kikubaaqudgha
Nemelex Xobeh
Okawaru
Qazlal
Ru
Sif Muna
Trog
Uskayaw
Vehumet
Wu Jian
Yredelemnul
Zin
The Shining One

Shops:
D ([[


Innate Abilities, Weirdness & Mutations

Your experience applies equally to all skills.
You have very sharp teeth.
Your uncanny sense of smell can sniff out nearby items.


Message History

A centaur warrior comes into view.
The centaur warrior wields a shortbow.
The centaur warrior shoots an arrow.
The arrow hits you!!
You hear a splash.
The centaur warrior shoots an arrow.
The arrow barely misses you.
You hear a splash.
The centaur warrior shouts!
Found a ring mail.
You see here an arrow.
Casting: Confuse
Confirm with . or Enter, or press ? or * to list all spells.
Aiming: Ensorcelled Hibernation
Press: ? - help, Shift-Dir - straight line, f - centaur warrior
Aim: a centaur warrior (chance to defeat MR: 46%)
The centaur warrior resists with some effort.
The centaur warrior shoots an arrow.
The arrow hits you!!
* * * LOW HITPOINT WARNING * * *
You hear a splash.
The centaur warrior wields a shortbow.
The centaur warrior shoots an arrow.
The arrow hits you!!
You die...

##############
.#..'..#..'..# ∆∆
.'..#.)').#..+ ∆∆
.#####'#####'# #
.####..#...#)####§§# ∆
)#__####..##.#§§§§c#∆∆
.#_____##'#_.+§§§§§+
⌠#_.∩..÷'..._#(§@§c ∆∆
##_..__##_.#'##'###
∆#_____###'#.#§.[(###
∆
##########.####'###(##
∆
........'...'.....')∩#
#++++####.).##########
∆ ##.## ∆ ∆#+#∆ ∆
∆∆∆∆∆ ∆∆


You could see 2 centaur warriors.

Vanquished Creatures
  Sonja (D)
  A deep troll (D)
  Sigmund (D)
  A yak (D)
  An ogre (D)
  A jelly (D)
  Ijyb (D)
7 creatures vanquished.

Notes
Turn   | Place    | Note
-------+----------+-------------------------------------------
     0 | D        | wilfster70 the Gnoll Enchanter began the quest for the Orb.
     0 | D        | Reached XP level 1. HP: 13/13 MP: 6/6
     1 | D        | Noticed Ijyb
     7 | D        | Killed Ijyb
     7 | D        | Reached skill level 1 in Fighting
     7 | D        | Reached skill level 1 in Long Blades
     7 | D        | Reached skill level 1 in Axes
     7 | D        | Reached skill level 1 in Maces & Flails
     7 | D        | Reached skill level 1 in Polearms
     7 | D        | Reached skill level 1 in Staves
     7 | D        | Reached skill level 1 in Slings
     7 | D        | Reached skill level 1 in Bows
     7 | D        | Reached skill level 1 in Crossbows
     7 | D        | Reached skill level 1 in Throwing
     7 | D        | Reached skill level 1 in Armour
     7 | D        | Reached skill level 6 in Stealth
     7 | D        | Reached skill level 1 in Shields
     7 | D        | Reached skill level 1 in Unarmed Combat
     7 | D        | Reached skill level 5 in Spellcasting
     7 | D        | Reached skill level 1 in Conjurations
     7 | D        | Reached skill level 1 in Charms
     7 | D        | Reached skill level 1 in Summonings
     7 | D        | Reached skill level 1 in Necromancy
     7 | D        | Reached skill level 1 in Translocations
     7 | D        | Reached skill level 1 in Transmutations
     7 | D        | Reached skill level 1 in Fire Magic
     7 | D        | Reached skill level 1 in Ice Magic
     7 | D        | Reached skill level 1 in Air Magic
     7 | D        | Reached skill level 1 in Earth Magic
     7 | D        | Reached skill level 1 in Poison Magic
     7 | D        | Reached skill level 1 in Invocations
     7 | D        | Reached skill level 1 in Evocations
     7 | D        | Reached XP level 2. HP: 16/22 MP: 8/8
     7 | D        | Reached XP level 3. HP: 19/27 MP: 9/9
    21 | D        | Learned a level 2 spell: Ensorcelled Hibernation
    25 | D        | Learned a level 3 spell: Confuse
   154 | D        | Noticed an ogre
   160 | D        | Killed an ogre
   160 | D        | Reached skill level 5 in Dodging
   160 | D        | Reached XP level 4. HP: 32/35 MP: 3/11
   232 | D        | Noticed Sigmund
   240 | D        | Killed Sigmund
   240 | D        | Reached skill level 7 in Stealth
   240 | D        | Reached XP level 5. HP: 26/42 MP: 3/14
   240 | D        | Reached XP level 6. HP: 30/48 MP: 3/15
   360 | D        | Found a deep blue altar of Sif Muna.
   361 | D        | Found an ornate altar of the Wu Jian Council.
   362 | D        | Found a radiant altar of Vehumet.
   365 | D        | Became a worshipper of the Wu Jian Council
   367 | D        | Reached skill level 5 in Short Blades
   370 | D        | Found Gadeffaa's Armour Emporium.
   370 | D        | Found an ancient bone altar of Kikubaaqudgha.
   370 | D        | Found a hazy altar of Hepliaklqana.
   370 | D        | Found a stormy altar of Qazlal.
   370 | D        | Found a hide-covered altar of Uskayaw.
   370 | D        | Found a blossoming altar of Fedhas.
   370 | D        | Found a bloodstained altar of Trog.
   370 | D        | Found an iron altar of Okawaru.
   370 | D        | Found a basalt altar of Yredelemnul.
   370 | D        | Found a glowing golden altar of the Shining One.
   370 | D        | Found a snail-covered altar of Cheibriados.
   370 | D        | Found a sacrificial altar of Ru.
   370 | D        | Found a glowing silver altar of Zin.
   370 | D        | Found a shadowy altar of Dithmenos.
   370 | D        | Found a white marble altar of Elyvilon.
   370 | D        | Noticed a yak
   371 | D        | Found an opulent altar of Gozag.
   371 | D        | Killed a yak
   371 | D        | Reached skill level 5 in Invocations
   372 | D        | Found a sparkling altar of Nemelex Xobeh.
   411 | D        | Noticed Sonja
   414 | D        | Killed Sonja
   414 | D        | Reached * piety under Wu Jian
   414 | D        | Reached skill level 8 in Stealth
   414 | D        | Reached skill level 5 in Conjurations
   414 | D        | Reached skill level 5 in Charms
   414 | D        | Reached skill level 5 in Summonings
   414 | D        | Reached skill level 5 in Necromancy
   414 | D        | Reached skill level 5 in Translocations
   414 | D        | Reached skill level 5 in Transmutations
   414 | D        | Reached skill level 5 in Fire Magic
   414 | D        | Reached skill level 5 in Ice Magic
   414 | D        | Reached skill level 5 in Air Magic
   414 | D        | Reached skill level 5 in Earth Magic
   414 | D        | Reached skill level 5 in Poison Magic
   414 | D        | Reached XP level 7. HP: 58/58 MP: 16/18
   414 | D        | Reached XP level 8. HP: 64/64 MP: 17/20
   430 | D        | Found Viwanew's Antique Weapon Boutique.
   438 | D        | Bought a scorched battleaxe for 264 gold pieces
   438 | D        | Identified the +0 battleaxe "Memicisyo" {chaos, MR- Int+4 SInv} (You bought it in a shop in the Dungeon)
   452 | D        | Noticed a deep troll
   455 | D        | Killed a deep troll
   455 | D        | Reached skill level 9 in Stealth
   467 | D        | Found Yshruh's Armour Emporium.
   485 | D        | Noticed a centaur warrior
   487 | D        | Noticed a centaur warrior
   488 | D        | Shot with an arrow by a centaur warrior

Skill      XL: |  1  2  3  4  5  6  7  8 |
---------------+-------------------------+-----
Fighting       | 1 3 4 6 |  6.7
Short Blades   | 3 4 6 7 |  7.2
Long Blades    | 1 3 4 6 |  6.7
Axes           | 1 3 4 6 |  6.7
Maces & Flails | 1 3 4 6 |  6.7
Polearms       | 1 3 4 6 |  6.7
Staves         | 1 3 4 6 |  6.7
Slings         | 1 3 4 6 |  6.7
Bows           | 1 3 4 6 |  6.7
Crossbows      | 1 3 4 6 |  6.7
Throwing       | 1 3 4 6 |  6.7
Armour         | 1 3 4 6 |  6.7
Stealth        | 6 7 8 9 |  9.1
Shields        | 1 3 4 6 |  6.7
Unarmed Combat | 1 3 4 6 |  6.7
Spellcasting   | 5 6 8 |  8.5
Conjurations   | 1 2 3 5 |  5.5
Charms         | 1 2 3 5 |  5.5
Summonings     | 1 2 3 5 |  5.5
Necromancy     | 1 2 3 5 |  5.5
Translocations | 1 2 3 5 |  5.5
Transmutations | 1 2 3 5 |  5.5
Fire Magic     | 1 2 3 5 |  5.5
Ice Magic      | 1 2 3 5 |  5.5
Air Magic      | 1 2 3 5 |  5.5
Earth Magic    | 1 2 3 5 |  5.5
Poison Magic   | 1 2 3 5 |  5.5
Invocations    | 1 3 4 6 7 |  7.4
Evocations     | 1 3 4 6 |  6.7
Dodging        | 5 6 7 8 |  8.2
Hexes          | 6 7 |  7.9

Action                   |  1- 3 |  4- 6 |  7- 9 || total
-------------------------+-------+-------+-------++-------
Melee: Dagger            |     5 |     7 |     1 ||    13
 Cast: Ensorcelled Hiber |     3 |     1 |     1 ||     5
       Confuse           |       |     2 |       ||     2
Invok: Lunge             |       |     3 |     1 ||     4
  Use: Potion            |     1 |       |       ||     1
 Stab: Sleeping          |     1 |     3 |     1 ||     5
       Confused          |       |     2 |       ||     2
Dodge: Dodged            |     3 |     1 |     1 ||     5
